 Dungeon Crawl Stone Soup version 0.32-a0-473-gd044c6f0f0 (webtiles) character file.

Game seed: 12673990926257731170

20720 cforsyth the Cleaver (level 12, -6/87 (91) HPs)
             Began as a Coglin Gladiator on Feb 25, 2024.
             Was a Priest of Hepliaklqana.
             Mangled by an orc warrior
             ... wielding a +0 scimitar
              (27 damage)
             ... on level 11 of the Dungeon on Feb 26, 2024.
             The game lasted 00:21:50 (11418 turns).

cforsyth the Cleaver (Coglin Gladiator)            Turns: 11418, Time: 00:21:51

HP:   -6/87 (91)    AC: 19    Str: 22    XL:     12   Next: 82%
MP:   12/12         EV: 11    Int:  8    God:    Hepliaklqana [***...]
Gold: 1181          SH:  0    Dex: 16    Spells: 11/11 levels left

rFire   + . .        a - +1 war axe {Ximena}
rCold   + . .        K - +2 broad axe (flame) {Yuxuan}
rNeg    . . .        w - +3 scale mail of the Viny Cockatrice {rF+ Str+3}
rPois   .            c - +0 helmet
rElec   .            y - +0 cloak
rCorr   .            (no gloves)
SInv    .            H - +3 pair of mountain boots {steadfast, rC+}
Will    .....        I - amulet of regeneration Stlth
                     (ring unavailable)
HPRegen 1.14/turn    (ring unavailable)
MPRegen 0.13/turn

%: no passive effects
@: lightly drained, revved, very slow
A: reduced essence, off-hand wielding, slow wielding, warmup strikes, no rings
a: Renounce Religion, Recall Ancestor, Ancestor Identity, Transference


You were on level 11 of the Dungeon.
You worshipped Hepliaklqana.
Hepliaklqana was most pleased with you.
You visited 1 branch of the dungeon, and saw 11 of its levels.
You also visited: Sewer.

You collected 1424 gold pieces.
You spent 243 gold pieces at shops.


Innate Abilities, Weirdness & Mutations

Your life essence is reduced to manifest your ancestor. (-10% HP)
You can wield a second weapon in your off-hand.
It takes a long time for you to wield or remove held weapons.
Your first few attacks do less damage.
Your grasper-arms cannot wear rings.


   Skills:
 + Level 11.9 Fighting
 * Level 13.4 Axes
 - Level 1.7 Throwing
 + Level 10.7 Armour
 - Level 2.6 Dodging


You had 11 spell levels left.
You didn't know any spells.
Your spell library contained the following spells:

 Spells                   Type           Power      Damage    Failure   Level
 Apportation              Tloc           0%         N/A       67%         1
 Shock                    Conj/Air       0%         1d3       67%         1
 Slow                     Hex            0%         N/A       67%         1
 Jinxbite                 Hex            0%         N/A       80%         2
 Confusing Touch          Hex            0%         N/A       95%         3
 Sigil of Binding         Hex            0%         N/A       95%         3
 Swiftness                Air            0%         N/A       95%         3
 Tukima's Dance           Hex            0%         N/A       95%         3
 Vampiric Draining        Necr           0%         2d6       95%         3
 Airstrike                Air            0%         2d(0-16)  100%        4
 Cause Fear               Hex            0%         N/A       100%        4
 Alistair's Intoxication  Alch           0%         N/A       100%        5
 Fireball                 Conj/Fire      0%         3d3       100%        5
 Iskenderun's Battlesphe  Conj           0%         2d6       100%        5
 Bombard                  Conj/Erth      0%         9d1       100%        6
 Malign Gateway           Summ/Tloc      0%         N/A       100%        7
 Spellforged Servitor     Conj/Summ      0%         N/A       100%        7
 Summon Horrible Things   Summ           0%         N/A       100%        8
 Dragon's Call            Summ           0%         N/A       100%        9

Inventory:

Hand Weapons
 a - a +1 war axe (weapon) {Ximena}
 i - a +0 whip {Tepiltzin}
 K - a +2 broad axe of flaming (offhand) {Yuxuan}
Missiles
 d - 4 throwing nets (quivered) {=f}
 e - a javelin
Armour
 c - a +0 helmet (worn)
 w - the +3 scale mail of the Viny Cockatrice (worn) {rF+ Str+3}
   (You found it on level 2 of the Dungeon)

   Str+3:     It affects your strength (+3).
   rF+:       It protects you from fire.
 y - a +0 cloak (worn)
 D - a scarf of shadows
 H - the +3 pair of mountain boots (worn) {steadfast, rC+}
   (You found it on level 5 of the Dungeon)

   Steadfast: It prevents involuntary movement, except for blinking,
   teleportation, or banishment.
   rC+:       It protects you from cold.
Magical Staves
 p - a staff of cold {!a}
 t - a staff of earth {!a}
 W - a staff of death {!a}
Jewellery
 m - an amulet of guardian spirit
 I - an amulet of regeneration (around neck)
 L - an amulet of magic regeneration
Wands
 F - a wand of digging (9)
 M - a wand of flame (21)
 N - a wand of quicksilver (14)
 Y - a wand of polymorph (4)
Scrolls
 b - 5 scrolls of vulnerability {unknown}
 l - 5 scrolls of revelation
 n - 4 scrolls of fog {unknown}
 o - 2 scrolls of brand weapon
 q - 7 scrolls of teleportation {@r2}
 r - 2 scrolls of summoning
 s - 3 scrolls of fear
 u - 4 scrolls of amnesia {unknown}
 x - 3 scrolls of poison
 G - a scroll of noise
 O - 2 scrolls of silence {!r}
 Q - 2 scrolls of blinking
 V - 2 scrolls of torment
 X - a scroll of enchant armour
 Z - a scroll of immolation
Potions
 f - a potion of magic
 g - 3 potions of mutation
 h - a potion of heal wounds {@q2}
 j - a potion of cancellation
 k - a potion of attraction
 v - 5 potions of curing {@q1}
 z - a potion of lignification
 A - 2 potions of brilliance
 B - 2 potions of haste {@q3}
 C - 2 potions of enlightenment
 E - 2 potions of might
 J - 3 potions of invisibility
 P - 2 potions of resistance
Miscellaneous
 R - a phial of floods
 S - a lightning rod (4/4)
 T - a tin of tremorstones (2/2)

Dungeon Overview and Level Annotations

Branches:
Dungeon (11/15)            Temple (0/1) D:5            Lair (0/5) D:8
    Orc (0/2) D:11          Sewer (visited)

Altars:
Ashenzari
Cheibriados
Elyvilon
Fedhas
Gozag
Hepliaklqana
Kikubaaqudgha
Qazlal
Sif Muna
Trog
Xom

Shops:
D:1 !   D:5 (   D:11 [(

Annotations:
D:8 2 runed translucent doors, ashuri's ghost, novice HuHW

#............# #.##########.#
#.#.......)#.# #.#.....<#[#.#
#.########.#.# #
#.......R..#.### #
#########......#
#############.))o..........####
.............R.o@o.............
#############...~~..........###
# #...~~~.....##..####
#...~~..............
#...........#.######
#.............# #............##
###########..# ####.)##


You could see the friendly Emecout the battlemage, an orc knight and 2 orc
warriors.


Message History

The orc warrior hits you with a +0 scimitar.
* * * LOW HITPOINT WARNING * * *
The orc knight hits you with a +2 great mace of protection.
* * * LOW HITPOINT WARNING * * *
The orc warrior hits you but does no damage.
Emecout hits the orc warrior with a +0 quarterstaff!
You hit the orc knight with your +2 broad axe of flaming.
You burn the orc knight.
The orc knight is heavily wounded.
You closely miss the orc warrior with your +2 broad axe of flaming.
You barely miss the orc warrior with your +2 broad axe of flaming.
You hit the orc knight but do no damage.
You slash the orc warrior with your +1 war axe!
You hit the orc warrior but do no damage.
The orc warrior splashes around in the water.
The orc warrior barely misses you.
The orc knight hits you with a +2 great mace of protection!
* * * LOW HITPOINT WARNING * * *
The orc warrior barely misses you.
Unknown command.
Your unstable footing causes you to fumble your attack.
You closely miss the orc knight with your +2 broad axe of flaming.
You hit the orc warrior but do no damage.
You closely miss the orc warrior with your +2 broad axe of flaming.
Emecout hits the orc warrior with a +0 quarterstaff!
The orc warrior dies!
The orc warrior closely misses you.
The orc warrior hits you with a +0 scimitar!!
You die...
Hepliaklqana delivers you to your ancestors.

Skill      XL: |  1  2  3  4  5  6  7  8  9 10 11 12 |
---------------+-------------------------------------+-----
Armour         | 1 2 3 4 5 6 7 8 9 10 | 10.7
Fighting       | 3 4 5 6 7 8 9 11 | 11.9
Axes           | 4 7 9 11 13 | 13.4
Throwing       | |  1.7
Dodging        | |  2.6

Action                     |  1- 3 |  4- 6 |  7- 9 | 10-12 || total
---------------------------+-------+-------+-------+-------++-------
  Melee: War axe           |    44 |    53 |   228 |   213 ||   538
         Whip              |    27 |    48 |   142 |       ||   217
         Broad axe         |       |       |    82 |   213 ||   295
 Invoke: Ancestor Life: Ba |       |       |     1 |       ||     1
    Use: Scroll            |     7 |     1 |    12 |     9 ||    29
         Potion            |       |       |     1 |     3 ||     4
   Stab: Sleeping          |     3 |     2 |     1 |       ||     6
         Distracted        |       |       |       |     4 ||     4
 Armour: Leather armour    |    19 |    49 |    21 |       ||    89
         Scale mail        |       |       |   187 |   288 ||   475
  Dodge: Dodged            |    44 |    40 |   140 |   174 ||   398

Levels and vault maps discovered:
D:1:      saegor_arrival_simple_d, layout_basic,
          shapermc_ecumenical_altar_hornbeckon, serial_shops,
          nicolae_shop_advertising_works [nicolae_subvault_shop_adworks]
D:2:      minmay_door_path, layout_basic
D:3:      layout_loops_cross, worldfamousw_hep_ancestral_shrine,
          mainiacjoe_overflow_catwalk
D:4:      layout_rooms, fedhas_altar_4, cheibrodos_sewer_entry_bend
D:5:      layout_rooms, gammafunk_temple_overflow_forgotten,
          minmay_temple_entry_offerings, serial_shops, shop
D:6:      layout_loops_corners, lemuel_zombie_altar_kikubaaqudgha, minmay_holes,
          uniq_sigmund, uniq_grinder, uniq_edmund
D:7:      layout_basic, old_standard_altar,
          nicolae_gozag_cash_rules_everything_around_me
D:8:      layout_rooms, cheibrodos_ashenzari_chains, kennysheep_mini,
          dpeg_oklobed_lair, ebering_ghost_disaster_area
D:9:      minmay_the_grid_triangle_9x9_rhombus_thin
          [minmay_the_grid_triangle_9x9_longest,
          minmay_the_grid_triangle_9x9_prize_insulated,
          minmay_the_grid_triangle_9x9_stretched_checkered,
          minmay_the_grid_triangle_9x9_alien], layout_gridville, uniq_harold
D:10:     kennysheep_town
D:11:     layout_basic, orc_david_3, uniq_maurice

Notes
Turn   | Place    | Note
-------+----------+-------------------------------------------
     0 | D:1      | cforsyth the Coglin Gladiator began the quest for the Orb.
     0 | D:1      | Reached XP level 1. HP: 16/16 MP: 1/1
   276 | D:1      | Found Hagasam's Distillery.
   287 | D:1      | Reached skill level 1 in Armour
   287 | D:1      | Reached XP level 2. HP: 23/23 MP: 2/2
   287 | D:1      | Bought a potion of degeneration for 13 gold pieces
   599 | D:1      | Found a faded altar of an unknown god.
   710 | D:2      | Reached XP level 3. HP: 28/28 MP: 3/3
   736 | D:2      | Reached skill level 3 in Fighting
   918 | D:2      | You fall into a shaft and drop 2 floors!
   987 | D:4      | Reached skill level 2 in Armour
  1006 | D:4      | Reached XP level 4. HP: 31/35 MP: 4/4
  1085 | D:4      | Found a glowing drain.
  1141 | Sewer    | Entered a sewer
  1162 | Sewer    | Noticed a brain worm
  1164 | Sewer    | Killed a brain worm
  1165 | Sewer    | Reached XP level 5. HP: 41/42 MP: 5/5
  1253 | Sewer    | Noticed Pargi
  1271 | Sewer    | Killed Pargi
  1272 | Sewer    | Reached skill level 4 in Fighting
  1272 | Sewer    | Reached skill level 3 in Armour
  1272 | Sewer    | Reached XP level 6. HP: 7/49 MP: 6/6
  1643 | D:4      | Reached skill level 5 in Fighting
  1643 | D:4      | Reached skill level 4 in Armour
  1725 | D:4      | Reached XP level 7. HP: 42/56 MP: 7/7
  1888 | D:3      | Found a white marble altar of Elyvilon.
  2167 | D:2      | Identified the +3 scale mail of the Viny Cockatrice {rF+
                  | Str+3}
  3317 | D:3      | Found a hazy altar of Hepliaklqana.
  3367 | D:3      | Became a worshipper of Hepliaklqana the Forgotten
  3711 | D:4      | Found a blossoming altar of Fedhas.
  3757 | D:5      | Entered Level 5 of the Dungeon
  3757 | D:5      | Found Diwiz's Weapon Shoppe.
  3818 | D:5      | Reached skill level 6 in Fighting
  3818 | D:5      | Reached skill level 5 in Armour
  4035 | D:5      | Found a staircase to the Ecumenical Temple.
  4159 | D:5      | Found a snail-covered altar of Cheibriados.
  4159 | D:5      | Found a shimmering altar of Xom.
  4159 | D:5      | Found a shimmering blue altar of Sif Muna.
  4189 | D:5      | Reached XP level 8. HP: 25/65 MP: 8/8
  4368 | D:5      | Found the +3 pair of mountain boots {steadfast, rC+}
  4428 | D:5      | Reached skill level 7 in Fighting
  4428 | D:5      | Reached skill level 6 in Armour
  4693 | D:6      | Reached * piety under Hepliaklqana
  4773 | D:5      | Bought a +2 broad axe of flaming for 230 gold pieces
  4842 | D:6      | Noticed Edmund
  4848 | D:6      | Killed Edmund
  5123 | D:6      | Noticed Sigmund
  5128 | D:6      | Killed Sigmund
  5303 | D:6      | Found an ancient bone altar of Kikubaaqudgha.
  5393 | D:6      | Noticed Grinder
  5402 | D:6      | Killed Grinder
  5403 | D:6      | Reached skill level 4 in Axes
  5403 | D:6      | Reached XP level 9. HP: 51/66 MP: 9/9
  5836 | D:7      | Identified a scroll of acquirement
  5905 | D:7      | Reached skill level 8 in Fighting
  5905 | D:7      | Reached skill level 5 in Axes
  5905 | D:7      | Reached skill level 7 in Armour
  5950 | D:7      | Found a bloodstained altar of Trog.
  5981 | D:7      | Found an opulent altar of Gozag.
  6059 | D:7      | Reached skill level 6 in Axes
  6229 | D:7      | Reached ** piety under Hepliaklqana
  6230 | D:7      | Remembered your ancestor Emecout as a battlemage
  6476 | D:7      | Reached skill level 7 in Axes
  6839 | D:8      | Reached XP level 10. HP: 71/73 MP: 10/10
  6983 | D:7      | Reached skill level 9 in Fighting
  6984 | D:7      | Reached skill level 8 in Armour
  6985 | D:7      | Reached skill level 8 in Axes
  7319 | D:8      | Found a broken altar of Ashenzari.
  7373 | D:8      | Found a large runed translucent door.
  7373 | D:8      | Found a large runed translucent door.
  7378 | D:8      | Noticed ashuri's ghost (novice HuHW)
  7404 | D:8      | Reached skill level 9 in Axes
  7451 | D:8      | Found a stormy altar of Qazlal.
  7463 | D:8      | Found a staircase to the Lair.
  7626 | D:8      | Identified a potion of resistance
  7810 | D:9      | Noticed a kobold demonologist
  7819 | D:9      | Killed a kobold demonologist
  7819 | D:9      | Noticed a two-headed ogre
  7820 | D:9      | Reached XP level 11. HP: 73/81 MP: 11/11
  7862 | D:9      | Reached skill level 10 in Fighting
  7862 | D:9      | Killed a two-headed ogre
  7863 | D:9      | Reached skill level 10 in Axes
  7863 | D:9      | Reached skill level 9 in Armour
  8308 | D:9      | Noticed Harold
  8319 | D:9      | Killed Harold
  8336 | D:9      | Noticed a tengu warrior
  8340 | D:9      | Noticed a cyclops
  8342 | D:9      | Noticed a catoblepas
  8398 | D:9      | Noticed a two-headed ogre
  8405 | D:9      | Killed a two-headed ogre
  8408 | D:9      | Killed a tengu warrior
  8409 | D:9      | Reached skill level 11 in Axes
  8745 | D:9      | Reached *** piety under Hepliaklqana
  8864 | D:9      | Noticed a manticore
  8865 | D:9      | Noticed a two-headed ogre
  8889 | D:9      | Killed a manticore
  8956 | D:8      | Killed a cyclops
  9104 | D:8      | Acquired 617 gold pieces
  9115 | D:9      | Killed a two-headed ogre
  9209 | D:9      | Got the Grimoire of Enchanted Transfiguration
  9370 | D:10     | Entered Level 10 of the Dungeon
  9400 | D:10     | Reached skill level 11 in Fighting
  9400 | D:10     | Reached XP level 12. HP: 84/90 MP: 12/12
  9500 | D:10     | Reached skill level 12 in Axes
  9500 | D:10     | Reached skill level 10 in Armour
  9670 | D:10     | Noticed a two-headed ogre
  9675 | D:10     | Killed a two-headed ogre
  9722 | D:10     | Noticed a two-headed ogre
  9735 | D:10     | Killed a two-headed ogre
  9794 | D:10     | Identified the +7 quarterstaff of the Skies Above {freeze,
                  | Will- Str+6 Dex+3}
 10177 | D:10     | Reached skill level 13 in Axes
 10552 | D:10     | Found an opulent altar of Gozag.
 10608 | D:10     | Noticed a two-headed ogre
 10614 | D:10     | Killed a two-headed ogre
 11231 | D:11     | Noticed a centaur warrior
 11271 | D:11     | Killed a centaur warrior
 11381 | D:11     | Found Ynkatith's Armour Shoppe.
 11381 | D:11     | Found a staircase to the Orcish Mines.
 11381 | D:11     | Found Vuigunwe's Weapon Shoppe.
 11418 | D:11     | Mangled by an orc warrior

Vanquished Creatures
  A centaur warrior (D:11)
  6 two-headed ogres
  A cyclops (D:8)
  A manticore (D:10)
  A kobold demonologist (D:9)
  3 trolls
  Grinder (D:6)
  A merfolk (D:10)
  A shadow (D:8)
  Sigmund (D:6)
  A spriggan (shapeshifter) (D:10)
  30 yaks
  3 wyverns (D:10)
  2 basilisks (D:9)
  2 hogs (D:10)
  3 steam dragons
  Edmund (D:6)
  2 acid dragons
  3 orc warriors
  An ice beast (D:5)
  A sky beast (D:7)
  A laughing skull (D:9)
  5 black bears (D:10)
  Pargi (Sewer)
  6 centaurs
  An ogre (D:5)
  A phantom (D:7)
  A brain worm (Sewer)
  3 kobold brigands
  5 bullfrogs
  4 gnoll sergeants
  3 scorpions (D:4)
  A burial acolyte (D:6)
  6 wights
  2 killer bees (D:7)
  A howler monkey (D:8)
  4 electric eels (D:10)
  3 bombardier beetles
  3 jellies
  3 orc priests (D:10)
  3 gnoll boudas
  4 hounds
  5 iguanas
  9 orc wizards
  5 gnolls
  9 adders
  2 ufetubi
  3 adder zombies (D:6)
  3 dart slugs
  2 ribbon worms (D:4)
  20 orcs
  6 ball pythons
  5 bats
  7 endoplasms
  4 giant cockroaches
  5 hobgoblins
  5 jackals
  10 kobolds
  A quokka (D:3)
  4 frilled lizards
  4 goblins
  6 rats
242 creatures vanquished.

Vanquished Creatures (collateral kills)
  Harold (D:9)
  A tengu warrior (D:9)
  A manticore (D:9)
  2 wyverns
  A shadow (D:9)
  4 yaks
  A steam dragon (D:8)
  An acid dragon (D:7)
  2 orc warriors
  3 black bears (D:10)
  A centaur (D:10)
  2 bullfrogs (D:10)
  A gnoll sergeant (D:10)
  4 wights
  2 killer bees (D:7)
  An electric eel (D:10)
  An orc priest (D:10)
  3 orc wizards
  2 gnolls (D:9)
  2 orcs
  A goblin (D:10)
  4 kobolds
41 creatures vanquished.

Vanquished Creatures (others)
  A howler monkey (D:7)
  8 battlemagi
9 creatures vanquished.

Grand Total: 292 creatures vanquished

Table legend: (Time is in decaauts)
 A = Elapsed time spent in this place.
 B = Non-inter-level travel time spent in this place.
 C = Inter-level travel time spent in this place.
 D = Time resting spent in this place.
 E = Time spent auto-exploring this place.
 F = Levels seen in this place.
 G = Mean time per level.
                   A        B        C        D        E       F      G
               +--------+--------+--------+--------+--------+-----+--------+
         Total |  11506 |  11034 |    472 |   1626 |   7346 |  12 |  958.8 |
       Dungeon |  11126 |  10654 |    472 |   1476 |   7199 |  11 | 1011.5 |
         Sewer |    379 |    379 |      0 |    150 |    146 |   1 |  379.0 |
               +--------+--------+--------+--------+--------+-----+--------+

Top non-repeatable levels by time:
    D:10: 1723 daAuts
     D:7: 1491 daAuts
     D:9: 1489 daAuts
     D:2: 1125 daAuts
     D:6: 1086 daAuts
     D:4: 945 daAuts
     D:5: 876 daAuts
     D:8: 776 daAuts
     D:3: 750 daAuts
     D:1: 634 daAuts
   Sewer: 379 daAuts
    D:11: 227 daAuts

Table legend:
 A = Non-vault XP
 B = Vault XP
 C = Vault XP percentage of total XP
 D = Non-vault monster count
 E = Vault monster count
 F = Vault count percentage of total count
                 A         B        C        D         E       F
            +---------+---------+-------+---------+---------+-------
      Total |   13841 |   15889 |  53.4 |     193 |      90 |  31.8
            +---------+---------+-------+---------+---------+-------
        D:1 |      14 |       0 |   0.0 |       7 |       0 |   0.0
        D:2 |      76 |       1 |   1.3 |      18 |       1 |   5.3
        D:3 |     133 |       0 |   0.0 |      20 |       0 |   0.0
        D:4 |     385 |       8 |   2.0 |      26 |       2 |   7.1
        D:5 |     668 |       0 |   0.0 |      15 |       0 |   0.0
        D:6 |      98 |     774 |  88.8 |       7 |       7 |  50.0
        D:7 |    3769 |       0 |   0.0 |      40 |       0 |   0.0
        D:8 |    1946 |     541 |  21.8 |      16 |       1 |   5.9
        D:9 |    1679 |    6655 |  79.9 |      16 |      21 |  56.8
       D:10 |    3627 |    7495 |  67.4 |      25 |      44 |  63.8
       D:11 |    1446 |     135 |   8.5 |       3 |       3 |  50.0
      Sewer |       0 |     280 | 100.0 |       0 |      11 | 100.0
            +---------+---------+-------+---------+---------+-------
